 Dungeon Crawl Stone Soup version 0.21.1-1-g345015f (webtiles) character file.

6659 shakethe the Grave Robber (level 11, -19/148 HPs)
             Began as a Naga Necromancer on Feb 22, 2018.
             Was an Elder of Cheibriados.
             Demolished by an orc warlord
             ... wielding a +0 battleaxe
              (32 damage)
             ... in a bailey.
             The game lasted 00:57:26 (11253 turns).

shakethe the Grave Robber (Naga Necromancer)       Turns: 11253, Time: 00:57:27

Health: -19/148    AC:  9    Str: 25    XL:     11   Next: 3%
Magic:  2/15       EV: 15    Int: 32    God:    Cheibriados [****..]
Gold:   445        SH:  0    Dex: 24    Spells: 2/15 levels left

rFire    . . .     SeeInvis +   n - +0 war axe
rCold    + . .     Gourm    .   (no shield)
rNeg     + . .     Faith    .   E - +2 robe {rC+}
rPois    +         Spirit   .   w - +0 hat
rElec    .         Reflect  .   (no cloak)
rCorr    .         Harm     .   B - +1 pair of gloves {Dex+3}
MR       ++...                  (no barding)
Stlth    ..........             g - amulet of regeneration {+regen, !d}
HPRegen  0.74/turn              a - ring of protection from magic {MR+, !d}
MPRegen  0.14/turn              r - ring of positive energy {rN+}

@: brilliant, berserking (expiring), very slightly contaminated, invisible, very
slow
A: large, see invisible, deformed body, poison resistance, slowness 2, slow
metabolism 1, spit poison 1, AC +3
a: Spit Poison, Bend Time, Temporal Distortion, Slouch, Renounce Religion


You were in a bailey.
You worshipped Cheibriados.
Cheibriados was greatly pleased with you.
You were hungry.

You visited 2 branches of the dungeon, and saw 10 of its levels.
You also visited: Bailey.

You collected 445 gold pieces.

Inventory:

Hand Weapons
 n - a +0 war axe (weapon)
   (You took it off a centaur on level 5 of the Dungeon)
 u - a +0 broad axe
   (You took it off a wight on level 7 of the Dungeon)
 v - a +0 dagger of protection
   (You took it off an orc on level 3 of the Dungeon)
Missiles
 h - 196 stones (quivered)
 J - a throwing net {=f, !d}
Armour
 m - a +0 ring mail
   (You took it off a kobold on level 2 of the Dungeon)
 o - a +0 leather armour
   (You found it on level 1 of the Dungeon)
 w - a +0 hat (worn)
   (You found it on level 3 of the Dungeon)
 x - a +2 large shield
   (You found it on level 5 of the Dungeon)
 B - a +1 pair of gloves of dexterity (worn)
   (You found it on level 5 of the Dungeon)
 C - a +0 pair of gloves
   (You found it on level 6 of the Dungeon)
 E - a +2 robe of cold resistance (worn)
   (You took it off an orc wizard on level 7 of the Dungeon)
 L - a +2 ring mail of poison resistance
   (You found it on level 9 of the Dungeon)
Magical Staves
 t - an uncursed staff of fire {rF+}
   (You found it on level 5 of the Dungeon)
Jewellery
 a - a ring of protection from magic (left hand) {MR+, !d}
   (You found it on level 1 of the Dungeon)
 g - an amulet of regeneration (around neck) {+regen, !d}
   (You found it on level 1 of the Dungeon)
 p - a cursed ring of loudness {unknown}
   (You found it on level 8 of the Dungeon)
 r - a ring of positive energy (right hand) {rN+}
   (You found it on level 2 of the Dungeon)
Wands
 F - a wand of iceblast (11)
   (You found it on level 8 of the Dungeon)
 G - a wand of scattershot (5)
   (You found it on level 8 of the Dungeon)
Scrolls
 d - 2 scrolls of remove curse
 e - 6 scrolls of identify
 i - a scroll of immolation {!r}
 j - 3 scrolls of fog {unknown}
 k - 2 scrolls of enchant armour {unknown}
 l - 6 scrolls of teleportation
 q - 2 scrolls of magic mapping {unknown}
 y - 2 scrolls of amnesia {unknown}
 z - 2 scrolls of fear {unknown}
 N - a scroll of blinking {unknown}
Potions
 f - a potion of heal wounds
 s - 2 potions of cancellation
 I - a potion of invisibility
 K - a potion of curing
 M - a potion of brilliance
Books
 b - a book of Necromancy
 D - a book of Callings
   (You found it on level 7 of the Dungeon)
 H - Sif Muna's Guide on Protection
   (You found it on level 8 of the Dungeon)

   Spells                             Type                      Level
   a - Infusion                       Charms                       1
Comestibles
 c - 16 rations


   Skills:
 + Level 6.8 Fighting
 + Level 6.2 Axes
 + Level 5.6 Armour
 + Level 5.7 Dodging
 - Level 3.0 Stealth
 - Level 2.7 Spellcasting
 + Level 7.9 Necromancy
 + Level 6.2 Earth Magic


You had 2 spell levels left.
You knew the following spells:

 Your Spells              Type           Power        Failure   Level  Hunger
a - Pain                  Necr           ####         1%          1    None
b - Borgnjor's Vile Clut  Necr/Erth      ######....   1%          5    ######.
c - Animate Dead          Necr           N/A          1%          4    ####...
r - Regeneration          Chrm/Necr      #####.....   1%          3    ###....


Dungeon Overview and Level Annotations

Branches:
Dungeon (9/15)             Temple (1/1) D:7            Lair (0/6) D:8
    Orc: D:9-12

Altars:
Ashenzari
Cheibriados
Dithmenos
Elyvilon
Fedhas
Gozag
Hepliaklqana
Kikubaaqudgha
Makhleb
Nemelex Xobeh
Qazlal
Ru
Sif Muna
Trog
Uskayaw
Vehumet
Wu Jian
Yredelemnul
Zin
The Shining One


Innate Abilities, Weirdness & Mutations

You cannot wear boots.
Your serpentine skin is tough. (AC +3)
You have supernaturally acute eyesight. (SInv)
Armour fits poorly on your strangely shaped body.
Your system is resistant to poisons. (rPois)
You cover ground very slowly.
You have a slow metabolism.
You can spit poison.


Message History

Cheibriados appreciates the change of pace.
The zombie hands constrict the orc warrior!
The orc warlord escapes!
You closely miss the orc warrior. You closely miss the orc.
The zombie hands constrict the orc warrior.
You kill the orc warrior!
Cheibriados thoroughly appreciates the change of pace.
The orc warrior hits you with a war axe!!
The orc misses you.
The orc warrior shouts!
You take 27 damage, and have 65/92 hp.
MASSIVE DAMAGE!!
You hit the orc warrior. x2; You closely miss the orc.
The orc warrior barely misses you.
Aim: an orc warrior, wielding a war axe and wearing a plate armour (almost dead, unusually strong) Decaying hands burst forth from the earth!
Zombie hands grab the orc warrior. x2; Zombie hands grab the orc.
Zombie hands grab the orc warlord.
You are feeling hungry.
The zombie hands constrict the orc warrior!
The zombie hands constrict the orc warlord.
The zombie hands constrict the orc.
The zombie hands constrict the orc warrior.
You kill the orc warrior!
Cheibriados thoroughly appreciates the change of pace.
You have reached level 11!
The orc warlord struggles to escape constriction.
The orc hits you with a hand axe!
The orc warrior hits you with a war axe!
You take 17 damage, and have 49/99 hp.
You now have 0/15 mp.
You hit the orc.
You kill the orc!
Cheibriados appreciates the change of pace.
You barely miss the orc warrior.
The zombie hands constrict the orc warrior.
You kill the orc warrior!
Cheibriados appreciates the change of pace.
The zombie hands constrict the orc warlord!
The orc warlord struggles to escape constriction. x2
The zombie hands constrict the orc warlord!!!
The zombie hands release their grip on the orc warlord.
You regained 2 hp, and now have 51/99 hp.
It was a potion of brilliance.
You feel clever all of a sudden.
The orc warlord hits you with a battleaxe!!
* * * LOW HITPOINT WARNING * * *
You take 26 damage, and have 25/99 hp.
MASSIVE DAMAGE!!
It was a potion of invisibility.
You fade into invisibility!
The orc warlord misses you.
You are very lightly contaminated with residual magic.
It was a potion of berserk rage.
A red film seems to cover your vision as you go berserk!
Cheibriados protects you from inadvertent hurry.
You feel mighty!
You now have 38/148 hp.
You strike the helpless orc warlord from behind!
You hit the orc warlord but do no damage.
You catch the helpless orc warrior completely off-guard!
You slash the orc warrior! You hit the orc knight.
The orc warrior shouts!
The orc warrior no longer looks unusually strong.
The orc knight misses you.
The orc warlord hits you with a battleaxe!!
* * * LOW HITPOINT WARNING * * *
You take 28 damage, and have 10/148 hp.
You are too berserk!
You completely miss the orc warlord.
You catch the helpless goblin completely off-guard!
You hit the goblin.
You kill the goblin!
Cheibriados appreciates the change of pace.
You strike the helpless orc knight from behind!
You hit the orc knight but do no damage.
The orc knight no longer looks unusually strong.
The orc warrior no longer looks unusually strong.
The orc knight roars a battlecry!
The orcs go into a battle-frenzy!
You slash the orc warlord!
You strike the helpless orc knight from behind!
You hit the orc knight. You completely miss the orc warrior.
The orc warrior completely misses you. The orc knight completely misses you.
The orc warlord misses you.
You completely miss the orc warlord.
You strike the helpless orc warrior from behind!
You slash the orc warrior! You slash the orc knight!
The orc warrior misses you.
You catch the helpless orc warlord completely off-guard!
You slice the orc warlord!!
You hit the orc warrior but do no damage.
You catch the helpless orc knight completely off-guard!
You slash the orc knight! You hit the orc warrior.
You kill the orc warrior!
Cheibriados thoroughly appreciates the change of pace.
The orc warlord roars a battlecry!
The orc knight goes into a battle-frenzy!
The orc warrior completely misses you. The orc knight misses you.
The orc warlord hits you with a battleaxe!!
You die...

#...........#......
#.......)...#......
###.........###.....
###.#'#.....###.###...
###...).###.###..o
###. ##.....)...###
.... ## #......)...8#
..... #
#.......)o.8#)...o. #
#∩....⌠)@.).))...g. #
#.....))oo.8#.).... #
#..........8# ..... #
##.........### ..o. ##
###....)###.###...
###.
###.#'#.....###.###...
###)).......###.....
#.))).......#......
#..)).......#......


You could see an orc warlord, an orc knight and an orc warrior.

Vanquished Creatures
  An orc knight (Bailey)
  The ghost of inc the Firebug, a novice FeWz of Ashenzari (D:8)
  Grinder (D:5)
  9 yaks
  An ice beast (D:7)
  A necrophage (D:7)
  3 sky beasts
  A phantom (D:7)
  12 orc warriors
  3 ogres
  4 centaurs
  5 bullfrogs
  A wyvern zombie (D:8)
  5 killer bees
  8 wights (D:7)
  An electric eel (D:9)
  A crimson imp (D:5)
  A bullfrog zombie (D:8)
  A centaur skeleton (D:4)
  2 hounds
  A jelly (D:5)
  2 orc priests
  12 orc wizards
  2 iguanas
  3 worker ants
  2 hound skeletons
  21 gnolls
  11 adders
  3 shadow imps
  2 oozes (D:2)
  An adder skeleton (D:3)
  3 worms
  3 dart slugs
  7 leopard geckos
  29 orcs
  7 giant cockroaches
  23 goblins
  16 hobgoblins
  15 jackals
  12 kobolds
  6 quokkas
  2 ball pythons
  9 bats
  5 frilled lizards
  A jackal skeleton (D:6)
  A leopard gecko zombie (D:8)
  A quokka skeleton (D:4)
  A quokka zombie (D:4)
  5 rats
268 creatures vanquished.

Vanquished Creatures (collateral kills)
  4 hobgoblins (Bailey)
4 creatures vanquished.

Grand Total: 272 creatures vanquished

Notes
Turn   | Place    | Note
-------+----------+-------------------------------------------
     0 | D:1      | shakethe the Naga Necromancer began the quest for the Orb.
     0 | D:1      | Reached XP level 1. HP: 15/15 MP: 3/3
   407 | D:1      | Reached XP level 2. HP: 16/24 MP: 0/5
   707 | D:1      | Reached skill level 1 in Fighting
   707 | D:1      | Reached XP level 3. HP: 29/31 MP: 1/6
   759 | D:1      | Learned a level 3 spell: Regeneration
  1012 | D:1      | Reached skill level 1 in Armour
  1667 | D:2      | Reached XP level 4. HP: 25/38 MP: 3/7
  2015 | D:2      | Found a glowing golden altar of the Shining One.
  2028 | D:2      | Found a shattered altar of Ashenzari.
  2047 | D:2      | Found an ornate altar of the Wu Jian Council.
  2084 | D:2      | Found a sparkling altar of Nemelex Xobeh.
  2084 | D:2      | Found a stormy altar of Qazlal.
  2105 | D:2      | Found a bloodstained altar of Trog.
  2212 | D:2      | HP: 8/39 [adder (4)]
  2805 | D:2      | Reached skill level 2 in Fighting
  2805 | D:2      | Reached XP level 5. HP: 45/45 MP: 6/9
  2861 | D:2      | Learned a level 5 spell: Borgnjor's Vile Clutch
  3340 | D:3      | Reached skill level 2 in Dodging
  3604 | D:3      | HP: 7/45 [gnoll/halberd (7)]
  3926 | D:4      | Reached skill level 1 in Axes
  3926 | D:4      | Reached skill level 2 in Armour
  3926 | D:4      | Reached skill level 1 in Earth Magic
  3926 | D:4      | Reached XP level 6. HP: 44/55 MP: 10/10
  4455 | D:4      | Noticed a phantom
  4580 | D:5      | Entered Level 5 of the Dungeon
  4742 | D:5      | HP: 9/55 [iguana (6)]
  4748 | D:5      | HP: 9/55 [iguana (1)]
  4857 | D:5      | Reached skill level 5 in Necromancy
  4881 | D:5      | Reached skill level 3 in Fighting
  4881 | D:5      | Reached XP level 7. HP: 32/62 MP: 7/11
  5009 | D:5      | Reached skill level 2 in Axes
  5009 | D:5      | Reached skill level 2 in Earth Magic
  5119 | D:5      | You fall through a shaft!
  5456 | D:5      | Noticed Grinder
  5541 | D:5      | Killed Grinder
  5541 | D:5      | Reached skill level 3 in Dodging
  5685 | D:5      | HP: 14/62 [centaur/war axe (2)]
  5690 | D:5      | HP: 3/62 [centaur/war axe (5)]
  5692 | D:5      | Reached skill level 3 in Armour
  5692 | D:5      | Reached XP level 8. HP: 9/72 MP: 4/12
  6217 | D:6      | Reached skill level 3 in Earth Magic
  6362 | D:6      | Reached skill level 3 in Axes
  6404 | D:6      | HP: 12/72 [centaur/arrow (11)]
  6404 | D:6      | HP: 1/72 [centaur/arrow (11)]
  6410 | D:6      | Reached skill level 4 in Fighting
  7337 | D:7      | Reached skill level 6 in Necromancy
  7420 | D:6      | HP: 15/73 [killer bee (6)]
  7545 | D:7      | Reached XP level 9. HP: 59/79 MP: 9/13
  7795 | D:7      | Reached skill level 4 in Dodging
  7803 | D:7      | Reached skill level 4 in Axes
  7829 | D:7      | Reached skill level 4 in Earth Magic
  7917 | D:7      | Reached skill level 4 in Armour
  7951 | D:7      | Found a staircase to the Ecumenical Temple.
  7972 | Temple   | Entered the Ecumenical Temple
  8048 | Temple   | Became a worshipper of Cheibriados the Contemplative
  8416 | D:7      | Reached skill level 5 in Fighting
  8924 | D:8      | Found an ancient bone altar of Kikubaaqudgha.
  8950 | D:8      | HP: 20/81 [yak (10)]
  9197 | D:8      | Reached * piety under Cheibriados
  9480 | D:8      | Reached skill level 5 in Axes
  9480 | D:8      | Reached skill level 7 in Necromancy
  9480 | D:8      | Reached skill level 5 in Earth Magic
  9480 | D:8      | Reached XP level 10. HP: 66/91 MP: 10/14
  9495 | D:8      | Found a staircase to the Lair.
  9833 | D:8      | Noticed inc's ghost (novice FeWz)
  9850 | D:8      | Killed inc's ghost
  9850 | D:8      | Reached skill level 6 in Fighting
  9850 | D:8      | Reached skill level 5 in Dodging
  9900 | D:8      | Reached skill level 5 in Armour
 10183 | D:8      | Found a radiant altar of Vehumet.
 10185 | D:8      | Found a deep blue altar of Sif Muna.
 10191 | D:8      | Identified Sif Muna's Guide on Protection
 10314 | D:9      | Noticed a two-headed ogre
 10415 | D:9      | Reached ** piety under Cheibriados
 10457 | D:9      | Found a flagged portal.
 10518 | D:9      | HP: 22/92 [orc wizard/magic dart (6)]
 10535 | Bailey   | Entered a bailey
 10662 | Bailey   | Learned a level 4 spell: Animate Dead
 10732 | Bailey   | Reached *** piety under Cheibriados
 10810 | Bailey   | Noticed an orc knight
 10821 | Bailey   | HP: 23/92 [orc warrior/broad axe (29)]
 10822 | Bailey   | HP: 11/92 [orc knight/war axe (20)]
 10823 | Bailey   | Killed an orc knight
 10823 | Bailey   | Reached skill level 6 in Axes
 10823 | Bailey   | Reached skill level 6 in Earth Magic
 10831 | Bailey   | HP: 20/92 [gnoll/hand axe (1)]
 11060 | Bailey   | Reached **** piety under Cheibriados
 11235 | Bailey   | Noticed an orc warlord
 11240 | Bailey   | Noticed an orc knight
 11243 | Bailey   | Reached XP level 11. HP: 71/99 MP: 0/15
 11249 | Bailey   | HP: 10/148 [orc warlord/battleaxe (29)]
 11253 | Bailey   | Demolished by an orc warlord

Skill      XL: |  1  2  3  4  5  6  7  8  9 10 |
---------------+-------------------------------+-----
Fighting       | 1 2 3 4 5 6 |  6.8
Armour         | 1 2 3 4 5 |  5.6
Dodging        | 2 3 4 5 |  5.7
Axes           | 1 2 3 5 6 |  6.2
Earth Magic    | 1 2 3 5 6 |  6.2
Necromancy     | 5 6 7 |  7.9
Stealth        | |  3.0
Spellcasting   | |  2.7

Action                   |  1- 3 |  4- 6 |  7- 9 | 10-12 || total
-------------------------+-------+-------+-------+-------++-------
Melee: Dagger            |    38 |   420 |   222 |       ||   680
       Unarmed           |     7 |       |       |       ||     7
       Hand axe          |       |     4 |       |       ||     4
       War axe           |       |       |   407 |   183 ||   590
       Staff             |       |       |     4 |       ||     4
Throw: Stone             |       |    23 |     8 |    10 ||    41
 Cast: Pain              |    44 |    84 |    22 |       ||   150
       Regeneration      |       |    10 |    34 |    10 ||    54
       Borgnjor's Vile C |       |       |       |    16 ||    16
       Animate Dead      |       |       |       |     3 ||     3
 Abil: Spit Poison       |     6 |    33 |    68 |     6 ||   113
  Use: Potion            |       |     2 |     5 |     4 ||    11
       Scroll            |       |     4 |     3 |     1 ||     8
 Stab: Sleeping          |       |       |     2 |       ||     2
       Distracted        |       |       |       |     1 ||     1
       Invisible         |       |       |       |     8 ||     8
  Eat: Ration            |     1 |       |     3 |       ||     4
       Chunk             |       |    12 |    13 |    11 ||    36
Armor: Robe              |     5 |       |    79 |    52 ||   136
       Leather armour    |     2 |   220 |   178 |       ||   400
       Ring mail         |       |    62 |       |       ||    62
       Skin              |       |       |    21 |       ||    21
Dodge: Dodged            |    20 |   354 |   446 |   128 ||   948

Vault maps used:
D:1:      dpeg_arrival_circle_labyrinth_c
D:2:      nicolae_overflow_quartered_altars, lemuel_doored_altar,
          tso_oasis_becter, first_ration, minmay_hexomino_u4
D:4:      minmay_misc_feat_four_crosses
D:5:      uniq_grinder
D:7:      minmay_flawed_box, temple_pool_b, solitary_fountain
D:8:      grunt_temple_overflow_magic_moments, dpeg_oklobed_lair,
          grunt_ogre_cave
D:9:      minitemple, serial_undead, serial_undead_f, serial_undead_f,
          serial_undead_a, serial_undead_f, enter_bailey_2, jmf_multi_god_temple
Temple:   minmay_temple_curvy_loop
Bailey:   bailey_axe_minmay_hex_keep, bailey

Table legend:
 A = Turns spent in this place as a percentage of turns spent in the entire game.
 B = Non-inter-level travel turns spent in this place as a percentage of non-inter-level travel turns spent in the entire game.
 C = Inter-level travel turns spent in this place as a percentage of turns spent in this place.
 D = Turns resting spent in this place as a percentage of non-inter-level travel turns spent in this place.
 E = Turns spent auto-exploring this place as a percentage of non-inter-level travel turns spent in this place.
 F = Non-inter-level travel turns spent in this place divided by the number of levels of this place that you've seen.
                   A       B       C       D       E      F
               +-------+-------+-------+-------+-------+----------------------
         Total | 100.0 | 100.0 |   4.5 |  18.7 |  41.2 | 977.4
       Dungeon |  91.8 |  91.6 |   4.6 |  18.2 |  42.2 | 1094.2
        Temple |   1.8 |   1.7 |  11.1 |   0.0 |  94.1 | 185.0
        Bailey |   6.4 |   6.7 |   0.0 |  31.3 |  13.1 | 718.0
               +-------+-------+-------+-------+-------+----------------------

Table legend:
 A = Kills in this place as a percentage of kills in entire the game.
 B = Kills by you in this place as a percentage of kills by you in the entire game.
 C = Kills by friends in this place as a percentage of kills by friends in the entire game.
 D = Other kills in this place as a percentage of other kills in the entire game.
 E = Experience gained in this place as a percentage of experience gained in the entire game.
 F = Experience gained in this place divided by the number of levels of this place that you have seen.
                   A       B       C       D       E      F
               +-------+-------+-------+-------+-------+----------------------
         Total | 100.0 | 100.0 | 100.0 |   N/A | 100.0 | 864.8
       Dungeon |  76.8 |  78.0 |   0.0 |   N/A |  76.9 | 813.1
        Bailey |  23.2 |  22.0 | 100.0 |   N/A |  23.1 | 2195.0
               +-------+-------+-------+-------+-------+----------------------
